 Dungeon Crawl Stone Soup version 0.29.1-15-g9cfb28693d (webtiles) character file.

Game seed: 10244880375981560767

24 Alturiack the Vexing (level 2, 0/14 HPs)
             Began as a Spriggan Arcane Marksman on Apr 11, 2023.
             Slain by an adder (1 damage)
             ... on level 2 of the Dungeon.
             The game lasted 00:03:56 (1106 turns).

Alturiack the Vexing (Spriggan Arcane Marksman)     Turns: 1106, Time: 00:03:57

Health: 0/14       AC:  2    Str:  6    XL:     2   Next: 79%
Magic:  5/5        EV: 16    Int: 14    God:
Gold:   30         SH:  5    Dex: 15    Spells: 2/3 levels left

rFire   . . .      SeeInvis +   a - +1 sling
rCold   . . .      Faith    .   h - +0 buckler
rNeg    . . .      Spirit   .   c - +0 robe
rPois   .          Reflect  .   (helmet restricted)
rElec   .          Harm     .   (no cloak)
rCorr   .          Rampage  .   (gloves unavailable)
Will    .....                   (boots unavailable)
Stlth   +.........              (no amulet)
HPRegen 0.04/turn               (no ring)
MPRegen 0.09/turn               (no ring)

@: very quick
A: very small, no large weapons, unfitting armour, see invisible, speed 3
a: no special abilities


You were on level 2 of the Dungeon.
You visited 1 branch of the dungeon, and saw 2 of its levels.

You collected 30 gold pieces.

Inventory:

Hand Weapons
 a - a +1 sling (weapon)
Armour
 c - a +0 robe (worn)
 h - a +0 buckler (worn)
Scrolls
 b - a scroll of poison
 d - 7 scrolls of identify {unknown}
 e - 3 scrolls of enchant armour {unknown}
 g - a scroll of magic mapping {unknown}
Potions
 f - a potion of heal wounds {unknown}


   Skills:
 - Level 0.7 Fighting
 + Level 3.4 Ranged Weapons
 - Level 2.6 Dodging
 - Level 1.3 Spellcasting
 - Level 3.6 Hexes


You had 2 spell levels left.
You knew the following spells:

 Your Spells              Type           Power      Damage    Failure   Level
a - Slow                  Hex            44%        N/A       13%         1

Your spell library contained the following spells:

 Spells                   Type           Power      Damage    Failure   Level
 Inner Flame              Hex/Fire       6%         N/A       63%         3
 Portal Projectile        Hex/Tloc       12%        N/A       63%         3
 Cause Fear               Hex            5%         N/A       77%         4


Dungeon Overview and Level Annotations

Branches:
Dungeon (2/15)

Altars:


Innate Abilities, Weirdness & Mutations

You are very small and have problems with some larger weapons.
You are too small for most types of armour.
You have supernaturally acute eyesight. (SInv)
You cover ground extremely quickly. (Speed+++)


Message History

You feel sick.
Found 2 poisoned darts.
You feel sick.
You feel sick.
You are too injured to fight recklessly!
You feel sick.
You feel sick.
You are no longer poisoned.
The adder bites you.
* * * LOW HITPOINT WARNING * * *
The adder bites you but does no damage.
You are too injured to fight recklessly!
The adder barely misses you. The adder bites you but does no damage.
The adder bites you but does no damage.
Fire: a) +1 sling
Press: ? - help, Q - select action, (/) - cycle Shift-Dir - straight line, f/p - adder
Aim: an adder (38% to hit)
You shoot a sling bullet.
The sling bullet closely misses the adder.
The adder misses you.
Things that are here:
a +0 short sword; 3 stones; a kobold corpse Fire: a) +1 sling
Press: ? - help, Q - select action, (/) - cycle Shift-Dir - straight line, f/p - adder
Aim: an adder (38% to hit)
You shoot a sling bullet. The sling bullet misses the adder.
The adder closely misses you.
Fire: a) +1 sling
Press: ? - help, Q - select action, (/) - cycle Shift-Dir - straight line, f/p - adder
Aim: an adder (38% to hit)
You shoot a sling bullet.
The sling bullet barely misses the adder.
The adder barely misses you. The adder bites you.
* * * LOW HITPOINT WARNING * * *
Fire: a) +1 sling
Press: ? - help, Q - select action, (/) - cycle Shift-Dir - straight line, f/p - adder
Aim: an adder (38% to hit)
You shoot a sling bullet. The sling bullet misses the adder.
The adder bites you.
You die...

#..............
#........######
######...#<..#
#....##.#
#.......#
#....####
#.)..# #.S..#
#.@..# ######


You could see an adder.

Vanquished Creatures
  A dart slug (D:1)
  2 ball pythons (D:1)
  3 endoplasms (D:1)
  2 giant cockroaches (D:1)
  3 goblins (D:1)
  3 hobgoblins (D:1)
  3 kobolds
  2 rats (D:1)
19 creatures vanquished.

Vanquished Creatures (others)
  4 toadstools (D:1)
4 creatures vanquished.

Grand Total: 23 creatures vanquished

Notes
Turn   | Place    | Note
-------+----------+-------------------------------------------
     0 | D:1      | Alturiack the Spriggan Arcane Marksman began the quest for
                  | the Orb.
     0 | D:1      | Reached XP level 1. HP: 9/9 MP: 3/3
   170 | D:1      | Reached XP level 2. HP: 8/14 MP: 5/5
  1106 | D:2      | Slain by an adder

Illustrated notes

Levels and vault maps discovered:
D:1:      ldierk_water_garden, layout_basic
D:2:      layout_basic, ebering_ecumenical_altar_ruins, basic_altar

Skill      XL: |  1  2 |
---------------+-------+-----
Ranged Weapons | 3 |  3.4
Fighting       | |  0.7
Dodging        | |  2.6
Spellcasting   | |  1.3
Hexes          | |  3.6

Action                   || total
-------------------------++-------
 Fire: Sling             ||    59
 Cast: Slow              ||     6
Armor: Robe              ||     3
Dodge: Dodged            ||    20
Block: Buckler           ||     5
